 Dungeon Sprint DCSS version 0.31-a0-16-g6d2539766c (webtiles) character file.

Game seed: 1688162327516008664

1222 sircluck the Severer (level 8, -14/86 HPs)
             Began as a Hill Orc Berserker on May 8, 2023.
             Was an Elder of Trog.
             Demolished by Sonja
             ... wielding a +1 short sword of distortion
              (23 damage)
             ... in the Dungeon (Sprint I: "Red Sonja").
             The game lasted 00:02:45 (769 turns).

sircluck the Severer (Hill Orc Berserker)            Turns: 769, Time: 00:02:46

Health: -14/86     AC: 10    Str: 22    XL:     8   Next: 47%
Magic:  8/8        EV: 12    Int:  7    God:    Trog [****..]
Gold:   117        SH:  0    Dex: 10    Spells: 7/7 levels left

rFire   . . .        a - +0 hand axe
rCold   + . .        (no shield)
rNeg    . . .        k - +2 ring mail {rC+}
rPois   .            (no helmet)
rElec   .            o - +0 cloak {Stlth+}
rCorr   .            (no gloves)
SInv    .            (no boots)
Will    .....        (no amulet)
Stlth   ++           (no ring)
HPRegen 0.34/turn    (no ring)
MPRegen 0.11/turn

%: no teleportation
@: lethally poisoned (-14 -> -16), slowed, very slow
A: no striking features
a: Renounce Religion, Berserk, Trog's Hand, Brothers in Arms


You were in the Dungeon.
You worshipped Trog.
Trog was greatly pleased with you.
You visited 1 branch You collected 405 gold pieces.
You spent 288 gold pieces at shops.

Inventory:

Hand Weapons
 a - a +0 hand axe (weapon)
 m - a +5 scythe of freezing
Missiles
 n - 2 stones (quivered)
Armour
 b - a +0 animal skin
 k - a +2 ring mail of cold resistance (worn)
 o - a +0 cloak of stealth (worn)
Wands
 i - a wand of digging (2)
Scrolls
 p - a scroll of enchant weapon
Potions
 c - a potion of curing
 e - a potion of haste
 f - 2 potions of magic
 g - a potion of berserk rage


   Skills:
 + Level 13.2 Fighting
 + Level 15.3 Axes
 + Level 8.0 Armour
 + Level 4.9 Dodging
 + Level 0.4 Stealth


You had 7 spell levels left.
You didn't know any spells.
Your spell library was empty.

Dungeon Overview and Level Annotations

Branches:
Dungeon (1/1)

Altars:
Cheibriados
Dithmenos
Elyvilon
Fedhas
Gozag
Hepliaklqana
Kikubaaqudgha
Makhleb
Nemelex Xobeh
Okawaru
Qazlal
Ru
Sif Muna
Trog
Uskayaw
Vehumet
Wu Jian
Xom
Yredelemnul
Zin
The Shining One
Jiyva
Lugonu

Shops:
D *

Annotations:
D Sonja


Message History

You have difficulty breathing.
You feel yourself slow down.
You barely miss Sonja.
You feel very sick.
Sonja hits you with a +1 short sword of distortion.
Space warps horribly around you!! Sonja hits you but does no damage.
Space warps around you. Sonja misses you.
You completely miss Sonja.
You feel very sick. Sonja barely misses you.
Sonja hits you but does no damage. x2
You closely miss Sonja.
You feel sick.
Sonja hits you with a +1 short sword of distortion.
Space warps around you. Sonja closely misses you. x2
You completely miss Sonja.
You feel sick.
Sonja hits you with a +1 short sword of distortion!
Space warps around you!
* * * LOW HITPOINT WARNING * * *
Sonja hits you but does no damage. Sonja barely misses you.
Sonja hits you with a +1 short sword of distortion.
* * * LOW HITPOINT WARNING * * *
Sonja hits you but does no damage. Sonja barely misses you.
You fail to use your ability.
You feel sick. Sonja barely misses you. Sonja closely misses you.
Sonja barely misses you. Sonja closely misses you. Sonja misses you.
Sonja hits you with a +1 short sword of distortion.
* * * LOW HITPOINT WARNING * * *
Unknown command.
Okay, then.
You feel much better.
You feel sick. Sonja barely misses you.
Sonja hits you with a +1 short sword of distortion.
Space warps around you. Sonja hits you but does no damage.
Space warps around you.
* * * LOW HITPOINT WARNING * * *
Sonja hits you but does no damage. Space warps horribly around you!
* * * LOW HITPOINT WARNING * * *
Sonja hits you but does no damage. Space warps around you.
* * * LOW HITPOINT WARNING * * *
Sonja hits you with a +1 short sword of distortion.
* * * LOW HITPOINT WARNING * * *
Space warps horribly around you!!
You die...

##########################
#<.#..)..#..'..#__#..'.5.#
#..)..#..'[.#..)..'..#K4.#
#..#####'#####'#__####5..+
#..####..#...#[####§$#####
#..#__####..##)#§~~§c#
#..#_____##'#_.+§§§.§
#⌠⌠#_.∩...÷..._#~~§.c#
####_..__##_@#'##+####
#_____###K#.# #######
#.### $.$ $.$ ##.## #+#


You could see Sonja.

Vanquished Creatures
  2 kobold demonologists (D)
  A slime creature (D)
  Sigmund (D)
  A yak (D)
  A floating eye (D)
  An ogre (D)
  A jelly (D)
  Ijyb (D)
9 creatures vanquished.

Notes
Turn   | Place    | Note
-------+----------+-------------------------------------------
     0 | D        | sircluck the Hill Orc Berserker began the quest for the
                  | Orb.
     0 | D        | Reached XP level 1. HP: 19/19 MP: 1/1
     1 | D        | Noticed Ijyb
     9 | D        | Killed Ijyb
    10 | D        | Reached skill level 5 in Fighting
    10 | D        | Reached skill level 6 in Axes
    10 | D        | Reached XP level 2. HP: 29/29 MP: 2/2
    10 | D        | Reached XP level 3. HP: 36/36 MP: 3/3
    48 | D        | Noticed an ogre
    54 | D        | Killed an ogre
    55 | D        | Reached skill level 8 in Axes
    55 | D        | Reached XP level 4. HP: 15/48 MP: 4/4
   186 | D        | Noticed Sigmund
   195 | D        | Killed Sigmund
   195 | D        | Reached ** piety under Trog
   196 | D        | Reached skill level 10 in Axes
   196 | D        | Reached skill level 5 in Armour
   196 | D        | Reached XP level 5. HP: 51/58 MP: 5/5
   196 | D        | Reached XP level 6. HP: 59/66 MP: 6/6
   286 | D        | Found an ornate altar of the Wu Jian Council.
   286 | D        | Found a shimmering blue altar of Sif Muna.
   287 | D        | Found a burning altar of Makhleb.
   287 | D        | Found a viscous altar of Jiyva.
   287 | D        | Found a shimmering altar of Xom.
   287 | D        | Found a corrupted altar of Lugonu.
   287 | D        | Noticed a slime creature
   298 | D        | Reached skill level 11 in Axes
   304 | D        | Killed a slime creature
   305 | D        | Reached skill level 12 in Axes
   305 | D        | Reached XP level 7. HP: 25/74 MP: 7/7
   307 | D        | Found a radiant altar of Vehumet.
   458 | D        | Found Yhelew's General Store.
   458 | D        | Found an ancient bone altar of Kikubaaqudgha.
   458 | D        | Found a hazy altar of Hepliaklqana.
   458 | D        | Found a stormy altar of Qazlal.
   458 | D        | Found a hide-covered altar of Uskayaw.
   458 | D        | Found a blossoming altar of Fedhas.
   458 | D        | Found a bloodstained altar of Trog.
   458 | D        | Found an iron altar of Okawaru.
   458 | D        | Found a basalt altar of Yredelemnul.
   458 | D        | Found a glowing golden altar of the Shining One.
   458 | D        | Found a snail-covered altar of Cheibriados.
   458 | D        | Found a sacrificial altar of Ru.
   458 | D        | Found a glowing silver altar of Zin.
   458 | D        | Found a shadowy altar of Dithmenos.
   458 | D        | Found a white marble altar of Elyvilon.
   458 | D        | Noticed a yak
   463 | D        | Killed a yak
   464 | D        | Reached skill level 13 in Axes
   464 | D        | Found an opulent altar of Gozag.
   465 | D        | Found a sparkling altar of Nemelex Xobeh.
   471 | D        | Bought a +0 cloak of stealth for 138 gold pieces
   471 | D        | Bought a potion of heal wounds for 60 gold pieces
   471 | D        | Bought a scroll of enchant weapon for 90 gold pieces
   531 | D        | Noticed a kobold demonologist
   532 | D        | Noticed a kobold demonologist
   533 | D        | Paralysed by a floating eye for 4 turns
   537 | D        | Noticed a soul eater
   538 | D        | Noticed a hellwing
   540 | D        | Noticed a sun demon
   544 | D        | Reached *** piety under Trog
   546 | D        | Killed a kobold demonologist
   547 | D        | Reached skill level 14 in Axes
   547 | D        | Reached XP level 8. HP: 31/85 MP: 8/8
   549 | D        | Noticed a hellwing
   565 | D        | Noticed a rust devil
   576 | D        | Killed a kobold demonologist
   576 | D        | Reached **** piety under Trog
   577 | D        | Reached skill level 15 in Axes
   750 | D        | Noticed a centaur warrior
   750 | D        | Noticed a centaur warrior
   760 | D        | Noticed Sonja
   769 | D        | Demolished by Sonja

Illustrated notes

Levels and vault maps discovered:
D:        dungeon_sprint_1 [red_sonja_temple_1, red_sonja_temple_small_1]

Skill      XL: |  1  2  3  4  5  6  7  8 |
---------------+-------------------------+-----
Fighting       | 5 7 9 11 12 13 | 13.2
Axes           | 6 8 10 12 14 15 | 15.3
Armour         | 3 5 6 7 8 |  8.0
Dodging        | 2 3 4 |  4.9
Stealth        | |  0.4

Action                     |  1- 3 |  4- 6 |  7- 9 || total
---------------------------+-------+-------+-------++-------
  Melee: Hand axe          |    12 |    23 |    34 ||    69
         Punch             |       |     2 |     1 ||     3
  Throw: Stone             |       |       |     3 ||     3
 Invoke: Berserk           |     2 |     1 |     2 ||     5
    Use: Potion            |       |       |     4 ||     4
         Scroll            |       |       |     1 ||     1
 Armour: Ring mail         |       |     5 |    19 ||    24
  Dodge: Dodged            |     3 |     5 |    22 ||    30

Table legend: (Time is in decaauts)
 A = Elapsed time spent in this place.
 B = Non-inter-level travel time spent in this place.
 C = Inter-level travel time spent in this place.
 D = Time resting spent in this place.
 E = Time spent auto-exploring this place.
 F = Levels seen in this place.
 G = Mean time per level.
                   A        B        C        D        E       F      G
               +--------+--------+--------+--------+--------+-----+--------+
         Total |    798 |    798 |      0 |    498 |     91 |   1 |  798.0 |
       Dungeon |    798 |    798 |      0 |    498 |     91 |   1 |  798.0 |
               +--------+--------+--------+--------+--------+-----+--------+

Top non-repeatable levels by time:
       D: 798 daAuts
